 Dungeon Crawl Stone Soup version 0.21-a0-283-g622b906 (webtiles) character file.

7704 pwnalone the Severer (level 11, -4/103 HPs)
             Began as a Minotaur Fighter on Sept 24, 2017.
             Was an Elder of Ru.
             Slain by Syneil's ghost (21 damage)
             ... on level 10 of the Dungeon.
             The game lasted 00:12:52 (9520 turns).

pwnalone the Severer (Minotaur Fighter)             Turns: 9520, Time: 00:12:53

Health: -4/103     AC: 16    Str: 30    XL:     11   Next: 0%
Magic:  5/10       EV:  8    Int:  5    God:    Ru [****..]
Gold:   621        SH:  4    Dex:  9    Spells: 10/10 levels left

rFire    . . .     SeeInvis .   a - +0 war axe
rCold    . . .     Gourm    .   l - +0 buckler
rNeg     . . .     Faith    .   B - +0 plate armour
rPois    +         Spirit   .   (helmet restricted)
rElec    .         Reflect  .   (no cloak)
rCorr    .         Harm     .   g - +0 pair of gloves (curse)
MR       .....                  J - +0 pair of boots
Stlth    ..........             (no amulet)
HPRegen  0.27/turn              s - ring of poison resistance
MPRegen  0.12/turn              (no ring)

@: mighty, exhausted, no potions, studying Maces & Flails
A: retaliatory headbutt, horns 2, inability to drink while threatened, hated by
all, no air magic, no hexes magic, no summoning magic
a: Draw Out Power, Power Leap, Renounce Religion


You were on level 10 of the Dungeon.
You worshipped Ru.
Ru was greatly pleased with you.
You were not hungry.

You visited 1 branch of the dungeon, and saw 10 of its levels.

You collected 621 gold pieces.

Inventory:

Hand Weapons
 a - a +0 war axe (weapon)
 S - a cursed +0 battleaxe
 T - a +0 longbow
Missiles
 j - 256 stones (quivered)
 w - 15 tomahawks
Armour
 b - a +0 scale mail
 c - a +0 shield
 g - a cursed +0 pair of gloves (worn)
 l - a +0 buckler (worn)
 B - a +0 plate armour (worn)
 J - a +0 pair of boots (worn)
Jewellery
 s - a ring of poison resistance (left hand)
 L - an uncursed ring of see invisible {unknown}
Wands
 C - a wand of acid (6/15)
 M - a wand of acid (8/15)
 Q - a wand of digging (13/24)
Scrolls
 e - 2 scrolls of magic mapping {unknown}
 h - 12 scrolls of identify
 k - 5 scrolls of remove curse {unknown}
 m - 4 scrolls of enchant weapon {unknown}
 p - 2 scrolls of amnesia {unknown}
 x - 6 scrolls of enchant armour {unknown}
 y - 4 scrolls of fog {unknown}
 z - 2 scrolls of blinking {unknown}
 D - 3 scrolls of immolation {unknown}
 H - a scroll of teleportation {unknown}
 O - a scroll of noise {unknown}
 P - a scroll of recharging {unknown}
Potions
 d - a potion of might
 i - 4 potions of lignification
 n - 3 potions of flight
 o - 2 potions of degeneration
 r - 6 potions of curing
 u - 2 potions of resistance {unknown}
 A - a potion of magic {unknown}
 E - 3 potions of agility {unknown}
 F - 3 potions of haste {unknown}
 G - a potion of ambrosia
 I - a potion of brilliance
 N - a potion of berserk rage {unknown}
Books
 R - a manual of Maces & Flails
Comestibles
 f - 6 bread rations
 q - 3 meat rations
 v - 4 royal jellies
 K - 3 fruits
 U - a chunk of flesh


   Skills:
 + Level 11.6 Fighting
 * Level 15.4 Axes
 + Level 8.6 Armour
 - Level 3.6 Shields


You had 10 spell levels left.
You didn't know any spells.

Dungeon Overview and Level Annotations

Branches:
Dungeon (10/15)            Temple (0/1) D:4            Lair (0/6) D:8
    Orc (0/2) D:9

Altars:
Cheibriados
Dithmenos
Elyvilon
Qazlal
Ru
Sif Muna
Vehumet
Xom
Yredelemnul
The Shining One

Annotations:
D:10 Syneil's ghost, journeyman GrGl


Innate Abilities, Weirdness & Mutations

You reflexively headbutt those who attack you in melee.
You have a pair of horns on your head.
You cannot drink potions while threatened.
You are hated by all.
You cannot study or cast Air magic.
You cannot study or cast Hexes magic.
You cannot study or cast Summoning magic.


Message History

Syneil's ghost barely misses you. You furiously retaliate!
You headbutt Syneil's ghost, but do no damage.
You hit Syneil's ghost but do no damage.
Your headbutt misses Syneil's ghost.
Syneil's ghost is heavily damaged.
Okay, then.
You feel very mighty all of a sudden.
Syneil's ghost hits you but does no damage.
You barely miss Syneil's ghost.
Syneil's ghost is heavily damaged.
Syneil's ghost hits you!
You feel threatened and lose the ability to drink potions!
* * * LOW HITPOINT WARNING * * *
x2 Unknown command.
You cannot drink potions in your current state!
Unknown command.
Aiming: Power Leap
Press: ? - help, Dir - move target cursor Syneil's ghost hits you!!
You die...

#.# .... #.# ###....
####.#####......
##.........$..#
######............##
#...................#
#..........#..........
#..........#.....##...
#....@...#............
#...W............##<..
#.......###......##...
#...>...#.รท...........
#..<......##..>.......
#.......#######..##.##
#.......# #..##
##....#.#######.##
#..########.....#


You could see Syneil's ghost.

Vanquished Creatures
  2 two-headed ogres
  Pikel (D:5)
  Grinder (D:5)
  The ghost of Syneil the Cudgeler, an amateur GrGl of Qazlal (D:3)
  4 slime creatures (D:9)
  A hippogriff (D:9)
  2 hungry ghosts
  A water moccasin (D:9)
  4 orc warriors
  4 slaves (D:5)
  3 sky beasts
  3 phantoms
  4 ogres
  6 centaurs
  7 bullfrogs
  A gnoll sergeant (D:9)
  2 scorpions (D:4)
  12 wights
  An electric eel (D:9)
  3 crimson imps
  A centaur zombie (D:8)
  A hound (D:8)
  2 jellies
  2 centaur skeletons
  6 orc priests
  12 orc wizards
  Jessica (D:2)
  2 iguanas (D:4)
  4 worker ants
  4 hound skeletons
  A worker ant zombie (D:8)
  12 gnolls
  17 adders
  A howler monkey skeleton (D:9)
  2 shadow imps
  2 oozes
  An adder skeleton (D:9)
  A worm (D:3)
  3 dart slugs
  5 leopard geckos
  36 orcs
  4 bats
  7 giant cockroaches
  4 goblins
  6 hobgoblins
  12 jackals
  3 kobolds
  5 quokkas
  2 ball pythons (D:4)
  A frilled lizard (D:1)
  A jackal skeleton (D:6)
  A leopard gecko skeleton (D:5)
  A leopard gecko zombie (D:8)
  A quokka zombie (D:5)
  4 rats
231 creatures vanquished.

Notes
Turn   | Place    | Note
-------+----------+-------------------------------------------
     0 | D:1      | pwnalone the Minotaur Fighter began the quest for the Orb.
     0 | D:1      | Reached XP level 1. HP: 19/19 MP: 0/0
    46 | D:1      | Reached skill level 3 in Axes
   162 | D:1      | Reached XP level 2. HP: 27/27 MP: 1/1
   584 | D:1      | Reached skill level 4 in Axes
   619 | D:1      | Reached XP level 3. HP: 33/33 MP: 2/2
   857 | D:2      | Noticed Jessica
   866 | D:2      | Killed Jessica
  1360 | D:2      | Found a stormy altar of Qazlal.
  1385 | D:2      | Reached XP level 4. HP: 35/41 MP: 3/3
  1765 | D:2      | Found a sacrificial altar of Ru.
  1774 | D:2      | Became a worshipper of Ru the Awakened
  2287 | D:3      | Noticed Syneil's ghost (amateur GrGl)
  2298 | D:3      | Reached skill level 11 in Axes
  2298 | D:3      | Reached XP level 5. HP: 21/57 MP: 4/4
  2303 | D:3      | Killed Syneil's ghost
  2303 | D:3      | Reached skill level 12 in Axes
  2303 | D:3      | Reached XP level 6. HP: 40/63 MP: 5/5
  2686 | D:3      | Found a shadowy altar of Dithmenos.
  3308 | D:4      | Reached XP level 7. HP: 70/70 MP: 6/6
  3604 | D:4      | Found a staircase to the Ecumenical Temple.
  3636 | D:4      | Gained mutation: You are hated by all. [Ru sacrifice]
  3636 | D:4      | Reached * piety under Ru
  3800 | D:4      | Found a shimmering altar of Xom.
  3875 | D:5      | Entered Level 5 of the Dungeon
  3990 | D:5      | Reached XP level 8. HP: 79/79 MP: 7/7
  4009 | D:5      | Found a deep blue altar of Sif Muna.
  4146 | D:5      | Noticed Grinder
  4171 | D:5      | Paralysed by Grinder for 2 turns
  4181 | D:5      | Killed Grinder
  4181 | D:5      | Reached skill level 5 in Armour
  4343 | D:5      | Noticed Pikel
  4359 | D:5      | Killed Pikel
  4359 | D:5      | Reached skill level 10 in Fighting
  4359 | D:5      | Reached skill level 13 in Axes
  5046 | D:6      | Reached XP level 9. HP: 85/85 MP: 8/8
  5857 | D:6      | Gained mutation: You cannot drink potions while threatened. [Ru sacrifice]
  5857 | D:6      | Reached ** piety under Ru
  5857 | D:6      | Reached *** piety under Ru
  6536 | D:7      | Reached skill level 14 in Axes
  6723 | D:7      | Found a radiant altar of Vehumet.
  6724 | D:7      | Found a white marble altar of Elyvilon.
  7333 | D:8      | Found a staircase to the Lair.
  7428 | D:8      | Reached XP level 10. HP: 80/94 MP: 9/9
  7562 | D:8      | Noticed a two-headed ogre
  7577 | D:8      | Killed a two-headed ogre
  8054 | D:9      | Gained mutation: You cannot study or cast Air magic. [Ru sacrifice]
  8054 | D:9      | Gained mutation: You cannot study or cast Hexes magic. [Ru sacrifice]
  8054 | D:9      | Gained mutation: You cannot study or cast Summoning magic. [Ru sacrifice]
  8054 | D:9      | Reached **** piety under Ru
  8734 | D:9      | Reached skill level 15 in Axes
  9047 | D:9      | Found a staircase to the Orcish Mines.
  9080 | D:9      | Found a basalt altar of Yredelemnul.
  9220 | D:9      | Found a glowing golden altar of the Shining One.
  9222 | D:9      | Found a snail-covered altar of Cheibriados.
  9300 | D:9      | Noticed a two-headed ogre
  9303 | D:9      | Killed a two-headed ogre
  9318 | D:9      | Reached XP level 11. HP: 66/103 MP: 10/10
  9416 | D:10     | Entered Level 10 of the Dungeon
  9487 | D:10     | Noticed Syneil's ghost (journeyman GrGl)
  9520 | D:10     | Slain by Syneil's ghost

Vault maps used:
D:1:      lemuel_arrival_river_bridge, interstate_on_off
D:2:      lemuel_coloured_pillars_altar, grunt_qazlal_sundering, uniq_jessica
D:3:      lemuel_doored_altar, kennysheep_generic_room_13
D:4:      lemuel_crystal_altar, minmay_temple_entry_statues_fountains
D:5:      first_bread, basic_altar, uniq_pikel, uniq_grinder
D:6:      eino_curves_02
D:7:      gammafunk_temple_overflow_statue
D:8:      dpeg_oklobed_lair
D:9:      minitemple, orc_0_dummy, nooodl_food_tri
D:10:     uniq_joseph

Skill      XL: |  1  2  3  4  5  6  7  8  9 10 |
---------------+-------------------------------+-----
Axes           | 3 4 11 12 13 14 15 | 15.4
Fighting       | 4 9 10 11 | 11.6
Armour         | 4 5 7 8 |  8.6
Shields        | |  3.6

Action                   |  1- 3 |  4- 6 |  7- 9 | 10-12 || total
-------------------------+-------+-------+-------+-------++-------
Melee: War axe           |    59 |    53 |   359 |   190 ||   661
       Headbutt          |    11 |    15 |    63 |    39 ||   128
Throw: Stone             |       |     2 |       |       ||     2
Invok: Sacrifice Love    |       |       |     1 |       ||     1
       Sacrifice Drink   |       |       |     1 |       ||     1
       Power Leap        |       |       |       |     2 ||     2
       Sacrifice Arcana  |       |       |       |     1 ||     1
  Use: Scroll            |     3 |       |       |       ||     3
       Potion            |       |     5 |       |     3 ||     8
 Stab: Distracted        |       |       |     1 |       ||     1
       Invisible         |       |       |       |     1 ||     1
  Eat: Chunk             |     1 |     6 |     9 |     2 ||    18
       Bread ration      |       |       |     2 |     2 ||     4
Armor: Scale mail        |    42 |    22 |     9 |       ||    73
       Plate armour      |       |       |   147 |    64 ||   211
Dodge: Dodged            |    28 |    25 |    95 |    42 ||   190
Block: Buckler           |    12 |    15 |    54 |    19 ||   100

Table legend:
 A = Spawn XP
 B = Non-spawn XP
 C = Spawn XP percentage of total XP
 D = Spawn monster count
 E = Non-spawn monster count
 F = Spawn count percentage of total count
 G = Total turns spent on level
                    A         B        C        D         E        F      G
               +---------+---------+-------+---------+---------+-------+---------
         Total |       0 |   10877 |   0.0 |       0 |     227 |   0.0 |  9520
               +---------+---------+-------+---------+---------+-------+---------
           D:1 |       0 |      44 |   0.0 |       0 |      21 |   0.0 |   759
           D:2 |       0 |      62 |   0.0 |       0 |       9 |   0.0 |  1333
           D:3 |       0 |     334 |   0.0 |       0 |      17 |   0.0 |  1273
           D:4 |       0 |     704 |   0.0 |       0 |      25 |   0.0 |   510
           D:5 |       0 |    1266 |   0.0 |       0 |      17 |   0.0 |  1001
           D:6 |       0 |    1421 |   0.0 |       0 |      41 |   0.0 |  1250
           D:7 |       0 |     904 |   0.0 |       0 |      20 |   0.0 |   907
           D:8 |       0 |    2052 |   0.0 |       0 |      34 |   0.0 |  1000
           D:9 |       0 |    4077 |   0.0 |       0 |      42 |   0.0 |  1383
          D:10 |       0 |      13 |   0.0 |       0 |       1 |   0.0 |   104
               +---------+---------+-------+---------+---------+-------+---------
